AoeStats
← neword7

Hideout

509303192Analyzed
1v1 RM · 7d ago on Sep 26, 2026· 53m 18s· 2 players
Game mode
Random Map
Map size
Tiny (2 player)
Population
200
Speed
Normal
Resources
Standard
Victory
Conquest
Starting age
Dark Age
Ending age
Imperial Age
RankedLock teamsTeams togetherTeam positionsShared explorationLock speedFull tech treeHidden civsTurbo modeCheats
Victory
Defeat
🇨🇳 Huns · China
494
+14
🇮🇹 Hindustanis · Italy
460
-15
Carinus
11:42 Feudal Age
13:08 Double-Bit Axe
14:09 Horse Collar
17:09 Wheelbarrow
27:27 Castle Age
29:49 Pikeman
34:24 Gold Mining
35:38 Stone Mining
35:41 Crossbowman
43:45 Hand Cart
neword7
9:44 Feudal Age
10:20 Horse Collar
10:27 Double-Bit Axe
12:04 Gold Mining
17:03 Forging
20:21 Castle Age
18:24 Fletching
18:36 Padded Archer Armor
19:42 Bloodlines
20:33 Pikeman
22:35 Wheelbarrow
21:46 Town Watch
22:09 Squires
23:52 Bow Saw
24:40 Stone Mining
25:21 Hand Cart
28:11 Husbandry
27:37 Elite Skirmisher
31:21 Gold Shaft Mining
30:51 Town Patrol
33:01 Loom
37:47 Imperial Age
42:33 Leather Archer Armor
42:14 Bodkin Arrow
42:30 Forging
42:20 Scale Mail Armor
42:26 Scale Barding Armor
42:42 Murder Holes
43:08 Ballistics
43:48 Chemistry
43:00 Masonry
43:00 Thumb Ring
42:50 Capped Ram
45:49 Chain Mail Armor
46:09 Iron Casting
48:31 Devotion
48:53 Sanctity
48:59 Illumination
48:34 Atonement
48:44 Fervor
48:40 Bracer
49:40 Blast Furnace
48:50 Halberdier
49:58 Atheism
49:47 Light Cavalry
Connection lost

Rejoining the realm…

Still unreachable

The connection could not be restored.

Session expired

The server has moved on; the page needs a fresh start.